 Dungeon Crawl Stone Soup version 0.32-a0-868-g153ae1a8d6 (webtiles) character file.

Game seed: 6884650190018443418

100 PriceMaster the Firebug (level 4, 0/30 HPs)
             Began as a Demonspawn Fire Elementalist on Mar 23, 2024.
             Was an Initiate of Sif Muna.
             Killed by an exploding bat (30 damage)
             ... ignited by their inner flame
             ... on level 3 of the Dungeon on Mar 28, 2024.
             The game lasted 00:04:45 (4162 turns).

PriceMaster the Firebug (DsFE)                      Turns: 4162, Time: 00:04:46

Health: 0/30       AC:  2    Str: 11    XL:     4   Next: 47%
Magic:  12/16      EV: 11    Int: 15    God:    Sif Muna [......]
Gold:   167        SH:  0    Dex: 15    Spells: 4/8 levels left

rFire   . . .        c - +0 spear
rCold   . . .        (no shield)
rNeg    . . .        a - +0 robe
rPois   .            (no helmet)
rElec   .            (no cloak)
rCorr   .            (no gloves)
SInv    .            (no boots)
Will    .....        d - amulet of regeneration
Stlth   +++          m - ring of magical power
HPRegen 1.05/turn    (no ring)
MPRegen 0.15/turn

%: no passive effects
@: no status effects
A: claws 1, thin skeletal structure 1
a: Renounce Religion


You were on level 3 of the Dungeon.
You worshipped Sif Muna.
Sif Muna was noncommittal.
You visited 1 branch of the dungeon, and saw 3 of its levels.

You collected 167 gold pieces.

Inventory:

Hand Weapons
 c - a +0 spear (weapon)
Armour
 a - a +0 robe (worn)
Jewellery
 d - an amulet of regeneration (around neck)
 m - a ring of magical power (left claw)
 o - a ring of protection from fire
 s - a ring of magical power
Scrolls
 f - a scroll of fog {unknown}
 h - 3 scrolls of identify {unknown}
 i - 3 scrolls of teleportation {unknown}
 k - a scroll of silence {unknown}
 l - a scroll of blinking {unknown}
 n - a scroll of noise {unknown}
 q - a scroll of immolation {unknown}
 r - a scroll of enchant armour {unknown}
Potions
 b - a potion of magic
 e - 2 potions of curing
 g - 2 potions of heal wounds {unknown}
 j - 2 potions of might {unknown}
 p - a potion of cancellation {unknown}
 t - 2 potions of resistance {unknown}


   Skills:
 + Level 0.2 Fighting
 + Level 0.6 Polearms
 + Level 2.2 Dodging
 + Level 2.2 Stealth
 + Level 2.6 Spellcasting
 + Level 1.9 Conjurations
 + Level 0.2 Hexes
 + Level 3.4 Fire Magic


You had 4 spell levels left.
You knew the following spells:

 Your Spells              Type           Power      Damage    Failure   Level
a - Foxfire               Conj/Fire      40%        2x1d6     7%          1
b - Inner Flame           Hex/Fire       7%         N/A       30%         3

Your spell library contained the following spells:

 Spells                   Type           Power      Damage    Failure   Level
 Scorch                   Fire           24%        2d6       8%          2
 Magic Dart               Conj           28%        1d4       10%         1
 Sting                    Conj/Alch      16%        1d4       14%         1
 Apportation              Tloc           2%         N/A       22%         1
 Necrotise                Necr           4%         1d4       22%         1
 Summon Small Mammal      Summ           4%         N/A       22%         1
 Volatile Blastmotes      Fire/Tloc      14%        2d11      30%         3
 Blink                    Tloc           2%         N/A       32%         2
 Call Imp                 Summ           2%         N/A       32%         2
 Flame Wave               Conj/Fire      10%        2d6       56%         4
 Malign Gateway           Summ/Tloc      0%         N/A       100%        7
 Summon Horrible Things   Summ           0%         N/A       100%        8


Dungeon Overview and Level Annotations

Branches:
Dungeon (3/15)

Altars:
Dithmenos
Nemelex Xobeh
Sif Muna
Yredelemnul


Innate Abilities, Weirdness & Mutations

You have sharp fingernails.
You have a somewhat thin skeletal structure. (Dex +2, Stealth+)


Message History

You kill the rat!
Sif Muna accepts your kill.
Casting: Foxfire (safe; 7% risk of failure)
Confirm with . or Enter, or press ? or * to list all spells.
You conjure some foxfire!
You start resting.
Your foxfire dissipates!
You start resting.
Your foxfire dissipates!
You start resting.
Your foxfire dissipates!
You start resting.
Your magical contamination has completely faded away.
You start resting.
Magic restored.
You start waiting.
Done waiting.
You start waiting.
Done waiting.
You start waiting.
Done waiting.
There is an open door here.
Found a stone staircase leading down.
There is a stone staircase leading down here.
Found a ring mail.
A bat comes into view.
A bat is nearby!
A bat is nearby!
Casting: Foxfire (safe; 7% risk of failure)
Confirm with . or Enter, or press ? or * to list all spells.
Aiming: Inner Flame (quite dangerous; 30% risk of failure)
Press: ? - help, Dir - move target, f - bat
Aim: a bat (wandering, hasn't noticed you, chance to affect: 71%)
The bat is filled with an inner flame.
You conjure some foxfire!
The foxfire hits the bat.
Sif Muna accepts your kill.
The bat explodes!
The fiery explosion engulfs you!!
Ouch! That really hurt!
You die...

.#
...#......###.##.#..
.#
###.#.............###
## #.#..≈≈≈§§≈≈≈≈..#
######
#.#..≈......§≈..#
.....#
#)#..≈.≈≈≈≈≈.≈..#
.....#
#....≈.≈..[..≈..#
.....#
#.##.≈.≈._.≈.≈..#
.....#
#.##.≈.≈...≈.≈..#
.....#
###.@§§≈.≈≈≈≈≈.≈..#
###### ##...#v.≈....
.#######
#..####.≈.≈≈≈
.......# #.## .....$
##.###.#####.# ####.
#.#...#.....#
##.#.###.#####
....>....# ####.#####


There were no monsters in sight!

Vanquished Creatures
  4 adders (D:2)
  A dart slug (D:3)
  5 endoplasms
  5 giant cockroaches
  4 goblins
  2 hobgoblins (D:2)
  9 jackals
  3 kobolds
  2 quokkas
  11 ball pythons
  6 bats
  3 frilled lizards
  3 rats
58 creatures vanquished.

Vanquished Creatures (collateral kills)
  3 foxfires (D:1)
3 creatures vanquished.

Vanquished Creatures (others)
  112 foxfires
112 creatures vanquished.

Grand Total: 173 creatures vanquished

Notes
Turn   | Place    | Note
-------+----------+-------------------------------------------
     0 | D:1      | PriceMaster the Demonspawn Fire Elementalist began the
                  | quest for the Orb.
     0 | D:1      | Reached XP level 1. HP: 13/13 MP: 3/3
   369 | D:1      | Gained mutation: You have a somewhat thin skeletal
                  | structure. (Dex +2, Stealth+) [demonic ancestry]
   369 | D:1      | Reached XP level 2. HP: 18/19 MP: 3/5
   506 | D:1      | Reached skill level 3 in Fire Magic
  1142 | D:2      | Reached XP level 3. HP: 3/24 MP: 2/6
  1628 | D:2      | Upgraded the game from 0.32-a0-818-gb728d0252e to
                  | 0.32-a0-868-g153ae1a8d6
  2001 | D:2      | Learned a level 3 spell: Inner Flame
  2110 | D:2      | Gained mutation: You have sharp fingernails. [demonic
                  | ancestry]
  2110 | D:2      | Reached XP level 4. HP: 30/30 MP: 2/7
  2353 | D:2      | Found a shimmering blue altar of Sif Muna.
  2377 | D:2      | Became a worshipper of Sif Muna the Loreminder
  2877 | D:3      | Found a shadowy altar of Dithmenos.
  2916 | D:3      | Found a basalt altar of Yredelemnul.
  2916 | D:3      | Found a sparkling altar of Nemelex Xobeh.
  4162 | D:3      | Killed by an exploding bat... ignited by their inner flame

Illustrated notes

Levels and vault maps discovered:
D:1:      roderic_chinese_lattice_arrival, layout_loops_ring,
          dreamdust_mushroom_princess, minivault_26,
          hangedman_abyss_or_decor_lesser_grid, fountainhead, dk_noncrumbling_2,
          nicolae_the_louvre
D:2:      layout_basic, basic_altar, minmay_shallow_snake_nest
D:3:      layout_basic, mainiacjoe_overflow_concentric_impassable,
          grunt_temple_overflow_open

Skill      XL: |  1  2 |
---------------+-------+-----
Fire Magic     | 3 |  3.4
Stealth        | 2 |  2.2
Dodging        | 2 |  2.2
Fighting       | |  0.2
Polearms       | |  0.6
Spellcasting   | |  2.6
Conjurations   | |  1.9
Hexes          | |  0.2

Action                     |  1- 3 |  4- 6 || total
---------------------------+-------+-------++-------
  Melee: Spear             |    74 |    13 ||    87
         Unarmed           |     3 |       ||     3
   Cast: Foxfire           |    59 |    28 ||    87
         Inner Flame       |     1 |    18 ||    19
    Use: Potion            |     1 |       ||     1
   Stab: Sleeping          |     4 |       ||     4
 Armour: Robe              |    52 |    17 ||    69
  Dodge: Dodged            |    54 |    11 ||    65

Table legend: (Time is in decaauts)
 A = Elapsed time spent in this place.
 B = Non-inter-level travel time spent in this place.
 C = Inter-level travel time spent in this place.
 D = Time resting spent in this place.
 E = Time spent auto-exploring this place.
 F = Levels seen in this place.
 G = Mean time per level.
                   A        B        C        D        E       F      G
               +--------+--------+--------+--------+--------+-----+--------+
         Total |   4168 |   4135 |     33 |   1020 |   2673 |   3 | 1389.3 |
       Dungeon |   4168 |   4135 |     33 |   1020 |   2673 |   3 | 1389.3 |
               +--------+--------+--------+--------+--------+-----+--------+

Top non-repeatable levels by time:
     D:2: 1643 daAuts
     D:3: 1526 daAuts
     D:1: 999 daAuts
